 Dungeon Crawl Stone Soup version 0.22-a0-388-g09e6169d0a (webtiles) character file.

94 Khaoschemer the Grave Robber (level 4, 0/32 HPs)
             Began as a Vampire Necromancer on Apr 29, 2018.
             Slain by a gnoll
             ... wielding a +0 halberd
              (9 damage)
             ... on level 2 of the Dungeon.
             The game lasted 00:35:16 (1754 turns).

Khaoschemer the Grave Robber (Vampire Necromancer)  Turns: 1754, Time: 00:35:17

Health: 0/32       AC:  2    Str:  7    XL:     4   Next: 38%
Magic:  0/8        EV: 12    Int: 23    God:
Gold:   134        SH:  0    Dex: 14    Spells: 3/8 levels left

rFire    . . .     SeeInvis +   d - +1 dagger (protect)
rCold    . . .     Gourm    .   (no shield)
rNeg     . . .     Faith    .   a - +0 robe
rPois    .         Spirit   .   (no helmet)
rElec    .         Reflect  .   (no cloak)
rCorr    .         Harm     .   (no gloves)
MR       +....                  (no boots)
Stlth    ++........             (no amulet)
HPRegen  0.30/turn              g - ring of protection from magic
MPRegen  0.11/turn              (no ring)

@: brilliant, regenerating quickly
A: fangs 3, see invisible, unbreathing
a: no special abilities


You were on level 2 of the Dungeon.
You were full.

You visited 1 branch of the dungeon, and saw 2 of its levels.

You collected 134 gold pieces.

Inventory:

Hand Weapons
 d - a +1 dagger of protection (weapon)
 f - a +0 dagger
 k - a +0 dagger
 l - a +0 dagger
 m - a +0 whip
 n - a +0 short sword
 r - a +0 hunting sling
 t - a +0 short sword
 v - a +0 dagger
 w - a +0 dagger
Missiles
 h - 15 arrows
 j - 14 sling bullets
 q - a throwing net (quivered)
Armour
 a - a +0 robe (worn)
 p - a +0 robe
Jewellery
 e - an uncursed ring of fire
 g - a ring of protection from magic (left hand)
 u - an uncursed amulet of harm {unknown}
Potions
 c - 6 potions of blood
Comestibles
 b - 4 rations


   Skills:
 + Level 1.1 Fighting
 + Level 1.4 Short Blades
 - Level 2.1 Dodging
 - Level 3.2 Stealth
 * Level 2.9 Spellcasting
 * Level 5.2 Necromancy


You had 3 spell levels left.
You knew the following spells:

 Your Spells              Type           Power        Failure   Level  Hunger
a - Pain                  Necr           ####         1%          1    None
b - Animate Skeleton      Necr           N/A          1%          1    None
c - Vampiric Draining     Necr           #####.....   1%          3    ###....


Dungeon Overview and Level Annotations

Branches:
Dungeon (2/15)

Altars:
Elyvilon
Fedhas


Innate Abilities, Weirdness & Mutations

Your natural rate of healing is unusually fast.
You have razor-sharp teeth.
You have supernaturally acute eyesight. (SInv)
You can survive without breathing.


Message History

The gnoll writhes in agony!
The gnoll barely misses you.
Casting: Pain (safe; 1% risk of failure)
Confirm with . or Enter, or press ? or * to list all spells.
Aiming: Pain (safe; 1% risk of failure)
Press: ? - help, Shift-Dir - straight line, f/p - gnoll
Aim: a gnoll, wielding a spear (almost dead, chance to defeat MR: 86%)
The gnoll writhes in agony!
You kill the gnoll!
Casting: Pain (safe; 1% risk of failure)
Confirm with . or Enter, or press ? or * to list all spells.
You don't have enough magic to cast that spell.
It was a potion of brilliance.
You feel clever all of a sudden. The gnoll barely misses you.
The gnoll hits you from afar with a halberd!
* * * LOW HITPOINT WARNING * * *
You see here a chunk of flesh.
The gnoll completely misses you.
The gnoll hits you from afar with a halberd!
You die...

**,*,#...#.......#
*,,,<##.##.......####
*#,**,#.............##
#.,,,#############..#
**,.####* ### ##.#
*,,,....* #.# #..# ##
*,,,,#..## ##.## ##..#
.## *,,,,*#).# #...#
#..## ..#
*,,,,**#.###@#.###.##
..##*,,,,*
#..#g.#..#..#
...#**,***
##.g%###...## ...#*,,*
#...# #...#
(..#**,*****##.## ##.##
#.†##,,,,,,* ###***###*
#...#*,*,*** *,,,,,<*
#...#,,*,,,* **>,,,,,*
##..#,,***,****,,******


You could see 2 gnolls.

Vanquished Creatures
  2 gnolls
  An adder (D:2)
  3 worms (D:2)
  2 dart slugs (D:1)
  2 leopard geckos (D:1)
  4 giant cockroaches
  5 goblins (D:1)
  3 hobgoblins
  4 jackals
  6 kobolds
  5 bats
  2 frilled lizards (D:2)
  4 rats
43 creatures vanquished.

Vanquished Creatures (collateral kills)
  An adder (D:2)
  A jackal (D:2)
2 creatures vanquished.

Grand Total: 45 creatures vanquished

Notes
Turn   | Place    | Note
-------+----------+-------------------------------------------
     0 | D:1      | Khaoschemer the Vampire Necromancer began the quest for the Orb.
     0 | D:1      | Reached XP level 1. HP: 13/13 MP: 3/3
   231 | D:1      | Reached XP level 2. HP: 12/19 MP: 3/5
   517 | D:1      | Reached XP level 3. HP: 25/25 MP: 4/6
   619 | D:1      | Reached skill level 1 in Short Blades
   876 | D:2      | Reached skill level 5 in Necromancy
  1218 | D:2      | Found a blossoming altar of Fedhas.
  1271 | D:2      | Learned a level 1 spell: Animate Skeleton
  1275 | D:2      | Learned a level 3 spell: Vampiric Draining
  1364 | D:2      | Reached XP level 4. HP: 16/31 MP: 0/8
  1455 | D:2      | Found a white marble altar of Elyvilon.
  1500 | D:2      | Reached skill level 1 in Fighting
  1754 | D:2      | Slain by a gnoll

Vault maps used:
D:1:      lightli_arrival_noodles, kennysheep_nondescript, minmay_misc_feat_chi,
          palyth_stone_intersect, st_stairs_14
D:2:      fedhas_altar_4, elyvilon_altar_1, serial_curves, eino_curves_04,
          eino_curves_03, first_ration

Skill      XL: |  1  2  3  4 |
---------------+-------------+-----
Short Blades   | 1 |  1.4
Necromancy     | 5 |  5.2
Fighting       | 1 |  1.1
Dodging        | |  2.1
Stealth        | |  3.2
Spellcasting   | |  2.9

Action                   |  1- 3 |  4- 6 || total
-------------------------+-------+-------++-------
Melee: Unarmed           |    10 |       ||    10
       Dagger            |    50 |     7 ||    57
       Bite              |     5 |       ||     5
 Cast: Pain              |    55 |    15 ||    70
       Vampiric Draining |     1 |       ||     1
       Animate Skeleton  |       |     2 ||     2
  Use: Scroll            |     5 |     1 ||     6
       Potion            |     1 |     2 ||     3
  Eat: Corpse            |     5 |     3 ||     8
Armor: Robe              |    33 |     1 ||    34
Dodge: Dodged            |    49 |    20 ||    69

Table legend:
 A = Spawn XP
 B = Non-spawn XP
 C = Spawn XP percentage of total XP
 D = Spawn monster count
 E = Non-spawn monster count
 F = Spawn count percentage of total count
 G = Total turns spent on level
                    A         B        C        D         E        F      G
               +---------+---------+-------+---------+---------+-------+---------
         Total |       0 |     135 |   0.0 |       0 |      45 |   0.0 |  1754
               +---------+---------+-------+---------+---------+-------+---------
           D:1 |       0 |      63 |   0.0 |       0 |      26 |   0.0 |   828
           D:2 |       0 |      72 |   0.0 |       0 |      19 |   0.0 |   926
               +---------+---------+-------+---------+---------+-------+---------
